[ AOE2 MATCH · #465361747 ]
UnrankedShu vs Teutons
[ REPLAY ANALYSIS · EXTRACTED FROM THE RECORDED GAME ]
Feudal
—
Castle
—
Imperial
—
| APM avg | 87.5 |
| APM peak | 136 |
| eAPM avg | 50.6 |
| Villagers / military | 107 / 61 |
Focus
⚔️ 68.2% · 🌾 31.8%
Archer ×54 · Spearman ×7
Feudal
8:54
Castle
20:15
Imperial
32:04
| APM avg | 20.1 |
| APM peak | 60 |
| eAPM avg | 14.0 |
| Villagers / military | 87 / 55 |
Focus
⚔️ 18.9% · 🌾 81.1%
Knight ×53 · Trebuchet (Packed) ×2
Feudal
9:26
Castle
20:34
Imperial
33:08
| APM avg | 37.9 |
| APM peak | 85 |
| eAPM avg | 18.5 |
| Villagers / military | 82 / 57 |
Focus
⚔️ 23.5% · 🌾 76.5%
Knight ×54 · Scout Cavalry ×3
Feudal
10:23
Castle
24:42
Imperial
—
| APM avg | 33.4 |
| APM peak | 60 |
| eAPM avg | 17.3 |
| Villagers / military | 59 / 23 |
Focus
⚔️ 24.3% · 🌾 75.7%
War Wagon ×16 · Spearman ×4 · Petard ×3
Feudal
8:58
Castle
20:46
Imperial
—
| APM avg | 31.5 |
| APM peak | 78 |
| eAPM avg | 14.1 |
| Villagers / military | 57 / 17 |
Focus
⚔️ 40.2% · 🌾 59.8%
Scout Cavalry ×7 · Monk ×4 · Knight ×2 · Mangonel ×2 · Spearman ×2
Feudal
—
Castle
—
Imperial
—
| APM avg | 17.7 |
| APM peak | 82 |
| eAPM avg | 6.8 |
| Villagers / military | 43 / 0 |
Focus
⚔️ 7.2% · 🌾 92.8%
Feudal
11:00
Castle
22:01
Imperial
36:31
| APM avg | 40.9 |
| APM peak | 74 |
| eAPM avg | 15.7 |
| Villagers / military | 107 / 51 |
Focus
⚔️ 19.3% · 🌾 80.7%
Mangudai ×24 · Scout Cavalry ×11 · Camel Scout ×10 · Knight ×3 · Steppe Lancer ×3
Feudal
—
Castle
—
Imperial
—
| APM avg | 35.7 |
| APM peak | 78 |
| eAPM avg | 16.7 |
| Villagers / military | 57 / 54 |
Focus
⚔️ 44.4% · 🌾 55.6%
Woad Raider ×32 · Battering Ram ×7 · Scout Cavalry ×7 · Spearman ×6 · Militia ×2
Match map
Initial resources + every placement click. Lines = walls · curves = elevation contours. ◆ gold · ⬟ stone · ● berries · ✦ relic · ◌ wall gap
Your base· Open — unwalled flank
別當開心農場's base· Open — unwalled flank
zhengyifan2003's base· Open — unwalled flank
Omicron's base· Open — 7t gap
All Conquistadors Are BSTRD's base· Open — unwalled flank
Tono Mard's base· Open — unwalled flank
Black.Sanchez's base· Open — unwalled flank
birri tilin's base· Open — unwalled flank
Smoothed initial terrain · ◌ = detected wall gap · hover for details
Inputs per minute
— Skill noob9216 - - 別當開心農場
Build order — Skill noob9216
First 150 of 249 actions detected
| 0:01 | Create | Villager (Male) |
| 0:01 | Create | Villager (Male) |
| 0:02 | Build | House |
| 0:03 | Build | House |
| 0:22 | Create | Villager (Male) |
| 0:23 | Create | Villager (Male) |
| 0:48 | Research | Loom |
| 1:14 | Create | Villager (Male) |
| 2:07 | Create | Villager (Male) |
| 2:07 | Create | Villager (Male) |
| 2:09 | Create | Villager (Male) |
| 2:10 | Create | Villager (Male) |
| 2:45 | Create | Villager (Male) |
| 2:46 | Create | Villager (Male) |
| 3:03 | Research | Loom |
| 3:13 | Create | Villager (Male) |
| 3:17 | Create | Villager (Male) |
| 3:17 | Create | Villager (Male) |
| 3:23 | Create | Villager (Male) |
| 3:32 | Build | Lumber Camp |
| 4:00 | Create | Villager (Male) |
| 4:00 | Create | Villager (Male) |
| 4:01 | Create | Villager (Male) |
| 4:01 | Create | Villager (Male) |
| 4:10 | Build | Lumber Camp |
| 4:17 | Research | Loom |
| 4:22 | Build | House |
| 4:29 | Create | Villager (Male) |
| 4:50 | Create | Villager (Male) |
| 4:57 | Create | Villager (Male) |
| 5:10 | Create | Villager (Male) |
| 5:19 | Create | Villager (Male) |
| 5:30 | Create | Villager (Male) |
| 5:54 | Create | Villager (Male) |
| 6:06 | Build | Mill |
| 6:17 | Create | Villager (Male) |
| 7:11 | Research | Feudal Age |
| 7:11 | Research | Feudal Age |
| 7:39 | Create | Villager (Male) |
| 8:12 | Build | House |
| 8:53 | Build | Palisade Wall |
| 8:55 | Build | Palisade Wall |
| 8:56 | Build | Palisade Wall |
| 8:58 | Build | Palisade Wall |
| 9:07 | Create | Villager (Male) |
| 9:23 | Research | Double-Bit Axe |
| 9:25 | Create | Villager (Male) |
| 9:33 | Build | Market |
| 9:45 | Create | Villager (Male) |
| 10:14 | Create | Villager (Male) |
| 10:45 | Build | House |
| 10:49 | Build | Barracks |
| 10:57 | Build | House |
| 11:00 | Create | Villager (Male) |
| 11:12 | Create | Villager (Male) |
| 11:24 | Build | Blacksmith |
| 11:26 | Create | Villager (Male) |
| 11:34 | Create | Spearman |
| 11:34 | Create | Spearman |
| 11:43 | Build | Farm |
| 11:45 | Build | Farm |
| 11:59 | Build | Archery Range |
| 12:06 | Create | Spearman |
| 12:06 | Create | Villager (Male) |
| 12:17 | Build | House |
| 12:26 | Create | Villager (Male) |
| 12:38 | Create | Spearman |
| 12:39 | Create | Villager (Male) |
| 12:43 | Create | Villager (Male) |
| 12:58 | Create | Villager (Male) |
| 13:02 | Create | Villager (Male) |
| 13:04 | Create | Villager (Male) |
| 13:13 | Create | Spearman |
| 13:24 | Create | Villager (Male) |
| 13:30 | Build | Mill |
| 13:38 | Create | Spearman |
| 13:38 | Create | Villager (Male) |
| 13:55 | Build | House |
| 14:10 | Build | Mining Camp |
| 14:12 | Create | Villager (Male) |
| 14:18 | Create | Villager (Male) |
| 14:26 | Create | Spearman |
| 14:35 | Create | Villager (Male) |
| 14:59 | Build | House |
| 15:10 | Create | Villager (Male) |
| 15:11 | Create | Villager (Male) |
| 15:14 | Create | Villager (Male) |
| 15:16 | Create | Villager (Male) |
| 15:18 | Create | Villager (Male) |
| 15:28 | Create | Villager (Male) |
| 15:35 | Build | Mining Camp |
| 15:37 | Create | Villager (Male) |
| 15:46 | Build | Lumber Camp |
| 15:50 | Create | Villager (Male) |
| 16:01 | Create | Archer |
| 16:15 | Create | Archer |
| 16:16 | Create | Villager (Male) |
| 16:28 | Create | Villager (Male) |
| 16:33 | Build | Farm |
| 16:34 | Build | Farm |
| 16:35 | Build | Farm |
| 16:36 | Create | Villager (Male) |
| 16:42 | Create | Villager (Male) |
| 16:50 | Create | Archer |
| 17:10 | Research | Castle Age |
| 17:10 | Research | Castle Age |
| 17:13 | Create | Archer |
| 17:36 | Create | Villager (Male) |
| 18:04 | Create | Archer |
| 18:07 | Build | House |
| 18:11 | Create | Villager (Male) |
| 18:18 | Create | Villager (Male) |
| 18:33 | Build | Palisade Wall |
| 18:41 | Create | Villager (Male) |
| 18:44 | Create | Archer |
| 18:47 | Research | Fletching |
| 18:52 | Build | House |
| 18:55 | Build | Archery Range |
| 19:10 | Create | Villager (Male) |
| 19:38 | Create | Archer |
| 19:38 | Create | Archer |
| 19:52 | Research | Crossbowman (upgrade) |
| 19:52 | Research | Crossbowman (upgrade) |
| 20:11 | Research | Bodkin Arrow |
| 20:11 | Research | Bodkin Arrow |
| 20:16 | Create | Villager (Male) |
| 20:34 | Create | Archer |
| 20:34 | Create | Villager (Male) |
| 20:47 | Create | Archer |
| 20:58 | Build | Castle |
| 21:17 | Research | Padded Archer Armor |
| 21:18 | Create | Archer |
| 21:18 | Create | Archer |
| 21:20 | Create | Archer |
| 21:20 | Create | Archer |
| 21:21 | Create | Villager (Male) |
| 21:26 | Build | House |
| 21:36 | Build | Town Center |
| 22:01 | Create | Villager (Male) |
| 22:10 | Create | Villager (Male) |
| 22:37 | Create | Villager (Male) |
| 22:55 | Create | Archer |
| 23:14 | Create | Villager (Male) |
| 23:16 | Create | Archer |
| 23:17 | Create | Archer |
| 23:27 | Create | Archer |
| 23:27 | Create | Archer |
| 23:58 | Build | Mining Camp |
| 24:00 | Create | Villager (Male) |
| 24:03 | Create | Archer |
Build order — 別當開心農場
First 150 of 211 actions detected
| 0:02 | Create | Villager (Male) |
| 0:02 | Create | Villager (Male) |
| 0:03 | Build | House |
| 0:07 | Build | House |
| 0:22 | Create | Villager (Male) |
| 0:35 | Create | Villager (Male) |
| 0:36 | Create | Villager (Male) |
| 1:29 | Create | Villager (Male) |
| 2:09 | Create | Villager (Male) |
| 2:09 | Create | Villager (Male) |
| 2:28 | Create | Villager (Male) |
| 2:29 | Create | Villager (Male) |
| 2:54 | Create | Villager (Male) |
| 2:54 | Create | Villager (Male) |
| 2:54 | Create | Villager (Male) |
| 3:18 | Create | Villager (Male) |
| 3:18 | Create | Villager (Male) |
| 3:57 | Build | House |
| 4:04 | Build | Lumber Camp |
| 4:12 | Create | Villager (Male) |
| 4:37 | Create | Villager (Male) |
| 4:56 | Create | Villager (Male) |
| 5:13 | Create | Villager (Male) |
| 5:31 | Create | Villager (Male) |
| 5:53 | Create | Villager (Male) |
| 6:01 | Build | Mill |
| 6:35 | Research | Feudal Age |
| 6:52 | Build | House |
| 7:18 | Research | Loom |
| 7:40 | Build | Farm |
| 8:33 | Build | Mining Camp |
| 8:43 | Build | Mining Camp |
| 8:45 | Create | Villager (Male) |
| 8:45 | Create | Villager (Male) |
| 8:54 | Age | Feudal Age |
| 8:56 | Research | Double-Bit Axe |
| 9:14 | Research | Horse Collar |
| 10:07 | Create | Villager (Male) |
| 10:21 | Create | Villager (Male) |
| 10:41 | Build | Barracks |
| 10:45 | Create | Villager (Male) |
| 11:10 | Build | Watch Tower |
| 11:16 | Create | Villager (Male) |
| 11:18 | Build | Farm |
| 11:33 | Build | House |
| 12:08 | Build | House |
| 12:12 | Build | Market |
| 12:16 | Create | Villager (Male) |
| 12:20 | Build | Farm |
| 12:26 | Create | Villager (Male) |
| 12:27 | Build | Farm |
| 12:44 | Create | Villager (Male) |
| 13:03 | Build | Farm |
| 13:16 | Create | Villager (Male) |
| 13:17 | Build | Farm |
| 13:30 | Create | Villager (Male) |
| 13:34 | Build | Farm |
| 13:36 | Build | Farm |
| 13:41 | Build | Farm |
| 13:48 | Build | Farm |
| 13:51 | Build | Farm |
| 13:55 | Build | Farm |
| 13:58 | Build | Farm |
| 14:01 | Build | Farm |
| 14:11 | Create | Villager (Male) |
| 14:18 | Build | House |
| 14:19 | Build | House |
| 14:38 | Build | Farm |
| 14:55 | Create | Villager (Male) |
| 15:13 | Build | Farm |
| 15:17 | Build | Farm |
| 15:20 | Create | Villager (Male) |
| 15:23 | Build | House |
| 15:47 | Build | Building 796 |
| 16:01 | Build | Farm |
| 16:04 | Create | Villager (Male) |
| 17:00 | Build | Blacksmith |
| 17:10 | Create | Villager (Male) |
| 17:23 | Research | Castle Age |
| 17:57 | Build | Farm |
| 18:00 | Create | Villager (Male) |
| 18:11 | Build | Stable |
| 18:15 | Build | Stable |
| 19:13 | Build | Farm |
| 19:46 | Build | House |
| 20:10 | Build | Stable |
| 20:15 | Age | Castle Age |
| 20:25 | Build | Town Center |
| 20:28 | Research | Bow Saw |
| 20:36 | Create | Villager (Male) |
| 20:40 | Build | Castle |
| 21:02 | Create | Villager (Male) |
| 21:44 | Create | Villager (Male) |
| 21:45 | Create | Villager (Male) |
| 21:45 | Create | Villager (Male) |
| 22:04 | Create | Villager (Male) |
| 22:21 | Research | Wheelbarrow |
| 22:36 | Research | Bloodlines |
| 22:41 | Create | Villager (Male) |
| 23:07 | Create | Villager (Male) |
| 23:20 | Build | Town Center |
| 23:25 | Create | Villager (Male) |
| 23:25 | Create | Villager (Male) |
| 23:59 | Create | Villager (Male) |
| 24:00 | Create | Villager (Male) |
| 24:01 | Create | Villager (Male) |
| 24:05 | Research | Hand Cart |
| 24:09 | Build | Farm |
| 24:26 | Build | University |
| 24:32 | Create | Villager (Male) |
| 24:35 | Create | Villager (Male) |
| 24:36 | Create | Villager (Male) |
| 24:48 | Research | Gold Mining |
| 24:51 | Create | Villager (Male) |
| 25:00 | Build | Farm |
| 25:17 | Create | Villager (Male) |
| 25:20 | Create | Villager (Male) |
| 25:21 | Create | Villager (Male) |
| 25:25 | Create | Villager (Male) |
| 25:36 | Build | Farm |
| 26:04 | Create | Villager (Male) |
| 26:05 | Create | Villager (Male) |
| 26:09 | Build | Farm |
| 26:10 | Build | Farm |
| 26:14 | Create | Knight |
| 26:15 | Create | Knight |
| 26:16 | Create | Knight |
| 26:28 | Research | Scale Barding Armor |
| 26:28 | Research | Forging |
| 26:50 | Create | Villager (Male) |
| 26:51 | Create | Villager (Male) |
| 26:53 | Create | Villager (Male) |
| 26:53 | Create | Villager (Male) |
| 26:53 | Create | Villager (Male) |
| 26:57 | Create | Villager (Male) |
| 26:58 | Create | Villager (Male) |
| 27:12 | Build | Farm |
| 27:14 | Build | Farm |
| 27:15 | Build | Farm |
| 27:17 | Build | Farm |
| 27:34 | Create | Knight ×5 |
| 27:38 | Build | Farm |
| 27:46 | Research | Chain Barding Armor |
| 27:49 | Build | Farm |
| 27:51 | Build | Farm |
| 27:55 | Build | Mining Camp |
| 28:36 | Build | Farm |
| 28:37 | Build | Farm |
| 28:40 | Build | Farm |
| 28:41 | Build | Farm |
Build order — zhengyifan2003
First 150 of 278 actions detected
| 0:01 | Research | Loom |
| 0:01 | Research | Loom |
| 0:01 | Research | Loom |
| 0:46 | Create | Villager (Male) |
| 0:46 | Create | Villager (Male) |
| 1:15 | Create | Villager (Male) |
| 1:16 | Create | Villager (Male) |
| 1:38 | Create | Villager (Male) |
| 1:38 | Create | Villager (Male) |
| 2:00 | Create | Villager (Male) |
| 2:00 | Create | Villager (Male) |
| 2:29 | Create | Villager (Male) |
| 2:51 | Create | Villager (Male) |
| 2:51 | Create | Villager (Male) |
| 3:08 | Create | Villager (Male) |
| 3:09 | Create | Villager (Male) |
| 3:32 | Build | House |
| 3:42 | Create | Villager (Male) |
| 3:42 | Create | Villager (Male) |
| 3:42 | Create | Villager (Male) |
| 3:43 | Create | Villager (Male) |
| 4:37 | Create | Villager (Male) |
| 4:37 | Create | Villager (Male) |
| 4:38 | Create | Villager (Male) |
| 5:05 | Build | House |
| 5:21 | Build | Lumber Camp |
| 5:22 | Create | Villager (Male) |
| 5:22 | Create | Villager (Male) |
| 5:22 | Create | Villager (Male) |
| 5:22 | Create | Villager (Male) |
| 5:22 | Create | Villager (Male) |
| 5:53 | Build | Mill |
| 6:37 | Create | Villager (Male) |
| 7:16 | Research | Feudal Age |
| 7:17 | Research | Feudal Age |
| 8:07 | Build | Barracks |
| 8:09 | Build | House |
| 8:42 | Create | Villager (Male) |
| 9:26 | Age | Feudal Age |
| 9:29 | Build | Stable |
| 9:39 | Create | Villager (Male) |
| 9:43 | Research | Double-Bit Axe |
| 9:56 | Build | Blacksmith |
| 10:01 | Create | Villager (Male) |
| 10:18 | Build | Mill |
| 10:22 | Create | Scout Cavalry |
| 10:37 | Create | Villager (Male) |
| 10:45 | Build | House |
| 10:46 | Build | House |
| 10:59 | Create | Villager (Male) |
| 11:23 | Create | Villager (Male) |
| 11:34 | Build | Farm |
| 11:39 | Research | Horse Collar |
| 11:39 | Research | Horse Collar |
| 11:51 | Build | House |
| 11:52 | Create | Villager (Male) |
| 12:02 | Build | Farm |
| 12:07 | Create | Villager (Male) |
| 12:19 | Build | Farm |
| 12:25 | Build | Farm |
| 12:39 | Build | House |
| 12:41 | Build | House |
| 12:42 | Create | Villager (Male) |
| 12:52 | Build | Farm |
| 13:06 | Create | Villager (Male) |
| 13:18 | Create | Scout Cavalry |
| 13:20 | Create | Scout Cavalry |
| 13:21 | Create | Villager (Male) |
| 13:22 | Build | Farm |
| 13:56 | Build | Farm |
| 14:03 | Create | Villager (Male) |
| 14:06 | Build | Farm |
| 14:24 | Create | Villager (Male) |
| 14:32 | Build | House |
| 14:49 | Create | Villager (Male) |
| 14:57 | Build | Mining Camp |
| 15:13 | Build | House |
| 15:15 | Create | Villager (Male) |
| 15:41 | Research | Wheelbarrow |
| 15:42 | Research | Wheelbarrow |
| 15:46 | Build | House |
| 15:55 | Build | Market |
| 16:52 | Research | Town Watch |
| 16:52 | Research | Town Watch |
| 17:29 | Create | Villager (Male) |
| 17:39 | Research | Castle Age |
| 17:39 | Research | Castle Age |
| 18:01 | Build | Mining Camp |
| 18:19 | Research | Scale Barding Armor |
| 18:19 | Research | Scale Barding Armor |
| 18:28 | Build | Stable |
| 18:51 | Research | Gold Mining |
| 18:52 | Research | Gold Mining |
| 19:04 | Build | Lumber Camp |
| 19:21 | Research | Bloodlines |
| 19:22 | Research | Bloodlines |
| 19:53 | Research | Forging |
| 19:53 | Research | Forging |
| 20:34 | Age | Castle Age |
| 20:35 | Build | Castle |
| 20:38 | Build | Town Center |
| 20:40 | Create | Villager (Male) |
| 20:40 | Create | Villager (Male) |
| 20:43 | Create | Knight |
| 20:43 | Create | Knight |
| 20:44 | Create | Knight |
| 21:09 | Create | Knight |
| 21:16 | Build | Farm |
| 21:32 | Create | Villager (Male) |
| 21:35 | Build | Farm |
| 21:47 | Create | Villager (Male) |
| 22:07 | Build | Farm |
| 22:09 | Create | Knight |
| 22:11 | Create | Villager (Male) |
| 22:13 | Create | Villager (Male) |
| 22:13 | Create | Villager (Male) |
| 22:17 | Build | Farm |
| 22:35 | Build | Farm |
| 22:35 | Build | Farm |
| 22:42 | Create | Knight |
| 22:43 | Create | Knight |
| 22:48 | Build | Farm |
| 22:49 | Create | Villager (Male) |
| 23:06 | Create | Villager (Male) |
| 23:11 | Build | Farm |
| 23:14 | Build | Farm |
| 23:15 | Create | Villager (Male) |
| 23:23 | Create | Knight |
| 23:23 | Create | Knight |
| 23:32 | Build | Farm |
| 23:37 | Create | Villager (Male) |
| 23:55 | Create | Villager (Male) |
| 23:56 | Create | Villager (Male) |
| 23:58 | Build | Farm |
| 24:03 | Create | Knight |
| 24:03 | Create | Knight |
| 24:03 | Create | Knight |
| 24:22 | Create | Villager (Male) |
| 24:23 | Create | Villager (Male) |
| 24:26 | Build | Farm |
| 24:50 | Build | Farm |
| 24:51 | Research | Heavy Plow |
| 24:51 | Research | Heavy Plow |
| 24:52 | Create | Villager (Male) |
| 24:53 | Create | Villager (Male) |
| 25:40 | Create | Villager (Male) |
| 25:41 | Create | Villager (Male) |
| 25:55 | Research | Hand Cart |
| 25:55 | Research | Hand Cart |
| 25:56 | Create | Villager (Male) |
Build order — Omicron
First 150 of 179 actions detected
| 0:01 | Create | Villager (Male) |
| 0:02 | Build | House |
| 0:04 | Build | House |
| 0:06 | Create | Villager (Male) |
| 0:06 | Create | Villager (Male) |
| 0:23 | Create | Villager (Male) |
| 1:32 | Create | Villager (Male) |
| 1:58 | Create | Villager (Male) |
| 2:12 | Create | Villager (Male) |
| 2:50 | Create | Villager (Male) |
| 2:50 | Create | Villager (Male) |
| 3:05 | Build | House |
| 3:06 | Build | House |
| 3:55 | Create | Villager (Male) |
| 3:57 | Create | Villager (Male) |
| 4:09 | Build | Mill |
| 4:12 | Create | Villager (Male) |
| 4:17 | Create | Villager (Male) |
| 5:41 | Create | Villager (Male) |
| 5:56 | Create | Villager (Male) |
| 6:11 | Build | Lumber Camp |
| 6:12 | Create | Villager (Male) |
| 6:22 | Create | Villager (Male) |
| 7:10 | Create | Villager (Male) |
| 7:35 | Build | Mill |
| 7:40 | Research | Loom |
| 8:13 | Research | Feudal Age |
| 8:18 | Build | Mining Camp |
| 8:28 | Build | House |
| 8:56 | Build | Palisade Wall |
| 9:00 | Build | Palisade Wall |
| 9:03 | Build | Palisade Wall |
| 9:12 | Create | Villager (Male) |
| 10:08 | Create | Villager (Male) |
| 10:23 | Age | Feudal Age |
| 10:28 | Build | Watch Tower |
| 10:36 | Build | Palisade Wall |
| 10:39 | Create | Villager (Male) |
| 10:42 | Build | Barracks |
| 10:49 | Create | Villager (Male) |
| 10:56 | Research | Double-Bit Axe |
| 11:18 | Build | Watch Tower |
| 11:33 | Create | Villager (Male) |
| 11:50 | Create | Spearman |
| 11:51 | Create | Villager (Male) |
| 12:01 | Build | Palisade Wall |
| 12:03 | Build | Palisade Wall |
| 12:04 | Build | Palisade Wall |
| 12:10 | Create | Villager (Male) |
| 12:26 | Build | Watch Tower |
| 12:33 | Build | House |
| 12:40 | Build | Building 796 |
| 12:54 | Create | Villager (Male) |
| 13:03 | Build | Blacksmith |
| 13:10 | Build | Building 796 |
| 13:24 | Build | House |
| 13:43 | Build | Watch Tower |
| 13:46 | Create | Villager (Male) |
| 13:51 | Build | House |
| 13:55 | Create | Spearman |
| 14:00 | Create | Villager (Male) |
| 14:08 | Build | House |
| 14:21 | Create | Villager (Male) |
| 14:26 | Create | Villager (Male) |
| 14:31 | Create | Villager (Male) |
| 14:58 | Create | Villager (Male) |
| 15:05 | Build | Palisade Wall |
| 15:06 | Create | Villager (Male) |
| 15:12 | Build | Farm |
| 15:13 | Research | Horse Collar |
| 15:48 | Build | Farm |
| 16:03 | Create | Spearman |
| 16:04 | Create | Spearman |
| 16:08 | Build | Watch Tower |
| 16:11 | Build | House |
| 16:15 | Build | Palisade Wall |
| 16:16 | Build | Palisade Wall |
| 16:25 | Build | Palisade Wall |
| 16:31 | Build | Palisade Gate |
| 16:37 | Create | Villager (Male) |
| 16:40 | Build | Farm |
| 16:40 | Build | Farm |
| 16:40 | Build | Farm |
| 16:41 | Build | Farm |
| 16:49 | Research | Fletching |
| 16:50 | Create | Villager (Male) |
| 17:07 | Build | Watch Tower |
| 17:13 | Build | Building 796 |
| 17:21 | Build | House |
| 17:27 | Build | Palisade Wall |
| 17:32 | Create | Villager (Male) |
| 17:35 | Build | Farm |
| 17:35 | Build | Farm |
| 18:06 | Create | Villager (Male) |
| 18:36 | Build | Mining Camp |
| 18:43 | Build | Farm |
| 18:44 | Build | Farm |
| 18:44 | Build | Farm |
| 19:12 | Build | Farm |
| 19:25 | Build | Palisade Wall |
| 19:28 | Create | Villager (Male) |
| 19:40 | Build | Watch Tower |
| 19:54 | Create | Villager (Male) |
| 20:34 | Create | Villager (Male) |
| 20:46 | Build | Market |
| 22:02 | Research | Castle Age |
| 22:23 | Build | Lumber Camp |
| 22:37 | Build | Palisade Gate |
| 22:59 | Build | Palisade Wall |
| 23:01 | Create | Villager (Male) |
| 23:39 | Build | Outpost |
| 23:46 | Build | House |
| 23:48 | Build | House |
| 24:32 | Research | Stone Mining |
| 24:42 | Age | Castle Age |
| 24:49 | Build | Town Center |
| 24:51 | Create | Villager (Male) |
| 24:53 | Create | Villager (Male) |
| 25:05 | Build | Castle |
| 25:06 | Create | Villager (Male) |
| 25:16 | Build | Lumber Camp |
| 25:20 | Build | Farm |
| 25:44 | Build | Watch Tower |
| 25:52 | Research | Wheelbarrow |
| 26:13 | Build | Palisade Wall |
| 26:42 | Research | Bodkin Arrow |
| 27:01 | Create | War Wagon |
| 27:10 | Create | Villager (Male) |
| 27:27 | Research | Bow Saw |
| 27:40 | Build | Mining Camp |
| 27:51 | Create | Petard |
| 27:52 | Create | Petard |
| 27:54 | Create | Petard |
| 28:00 | Build | Castle |
| 28:13 | Create | Villager (Male) |
| 28:16 | Create | War Wagon |
| 28:29 | Create | Villager (Male) |
| 28:33 | Build | Palisade Wall |
| 28:35 | Create | Villager (Male) |
| 28:43 | Create | Villager (Male) |
| 28:47 | Build | Farm |
| 28:53 | Create | Villager (Male) |
| 29:17 | Create | War Wagon |
| 29:18 | Create | War Wagon |
| 29:31 | Build | Watch Tower |
| 29:54 | Create | War Wagon |
| 29:54 | Create | War Wagon |
| 30:44 | Create | War Wagon |
| 31:01 | Create | War Wagon |
| 31:01 | Create | War Wagon |
Build order — All Conquistadors Are BSTRD
First 150 of 245 actions detected
| 0:01 | Create | Villager (Male) |
| 0:01 | Create | Villager (Male) |
| 0:02 | Build | House |
| 0:03 | Build | House |
| 0:11 | Create | Villager (Male) |
| 0:11 | Create | Villager (Male) |
| 1:21 | Create | Villager (Male) |
| 1:21 | Create | Villager (Male) |
| 2:09 | Create | Villager (Male) |
| 2:09 | Create | Villager (Male) |
| 2:15 | Create | Villager (Male) |
| 2:15 | Create | Villager (Male) |
| 2:52 | Build | Lumber Camp |
| 2:59 | Create | Villager (Male) |
| 2:59 | Create | Villager (Male) |
| 3:27 | Create | Villager (Male) |
| 3:28 | Create | Villager (Male) |
| 3:29 | Create | Villager (Male) |
| 3:30 | Create | Villager (Male) |
| 3:30 | Create | Villager (Male) |
| 3:55 | Build | House |
| 4:39 | Create | Villager (Male) |
| 5:06 | Create | Villager (Male) |
| 5:16 | Build | Mill |
| 5:22 | Create | Villager (Male) |
| 5:58 | Create | Villager (Male) |
| 6:00 | Research | Loom |
| 6:48 | Research | Feudal Age |
| 6:49 | Research | Feudal Age |
| 7:28 | Build | Barracks |
| 8:12 | Build | House |
| 8:17 | Build | Palisade Wall |
| 8:18 | Build | Palisade Wall |
| 8:58 | Age | Feudal Age |
| 9:09 | Build | Stable |
| 9:12 | Create | Villager (Male) |
| 9:14 | Build | House |
| 9:23 | Create | Spearman |
| 9:23 | Create | Spearman |
| 9:35 | Create | Villager (Male) |
| 9:44 | Create | Scout Cavalry |
| 9:44 | Create | Scout Cavalry |
| 9:44 | Create | Scout Cavalry |
| 9:45 | Create | Scout Cavalry |
| 10:12 | Build | House |
| 10:19 | Build | Palisade Wall |
| 10:20 | Build | Palisade Wall |
| 10:21 | Build | Palisade Wall |
| 10:24 | Build | Building 796 |
| 10:25 | Create | Villager (Male) |
| 10:35 | Create | Villager (Male) |
| 10:45 | Create | Scout Cavalry |
| 10:57 | Build | Mill |
| 11:14 | Build | Blacksmith |
| 11:16 | Create | Villager (Male) |
| 11:17 | Build | House |
| 11:43 | Create | Villager (Male) |
| 11:46 | Build | Farm |
| 11:46 | Build | Farm |
| 11:46 | Build | Farm |
| 11:46 | Build | Farm |
| 12:40 | Build | Farm |
| 12:41 | Build | Farm |
| 12:41 | Build | Farm |
| 12:42 | Build | Farm |
| 13:08 | Create | Scout Cavalry |
| 13:15 | Create | Villager (Male) |
| 13:33 | Create | Villager (Male) |
| 13:36 | Build | Farm |
| 13:44 | Create | Villager (Male) |
| 13:46 | Build | Farm |
| 13:46 | Build | Farm |
| 14:10 | Build | Farm |
| 14:11 | Build | Farm |
| 14:12 | Create | Villager (Male) |
| 14:27 | Create | Scout Cavalry |
| 14:30 | Build | Farm |
| 14:31 | Build | Farm |
| 14:32 | Create | Villager (Male) |
| 14:51 | Create | Villager (Male) |
| 14:51 | Create | Villager (Male) |
| 15:17 | Build | Farm |
| 15:47 | Create | Villager (Male) |
| 15:47 | Create | Villager (Male) |
| 15:48 | Build | Farm |
| 15:49 | Build | Farm |
| 15:50 | Create | Villager (Male) |
| 16:52 | Build | Farm |
| 17:01 | Build | Market |
| 17:29 | Build | Farm |
| 17:31 | Build | Farm |
| 17:32 | Create | Villager (Male) |
| 18:06 | Research | Castle Age |
| 18:06 | Research | Castle Age |
| 18:50 | Build | Stable |
| 19:31 | Research | Scale Barding Armor |
| 20:18 | Create | Villager (Male) |
| 20:45 | Create | Villager (Male) |
| 20:46 | Age | Castle Age |
| 20:48 | Build | House |
| 20:53 | Create | Knight |
| 20:55 | Create | Knight |
| 21:03 | Build | Watch Tower |
| 22:02 | Build | Town Center |
| 22:09 | Build | Town Center |
| 22:17 | Create | Villager (Male) |
| 23:09 | Create | Villager (Male) |
| 23:09 | Create | Villager (Male) |
| 23:24 | Create | Villager (Male) |
| 24:11 | Build | Watch Tower |
| 24:15 | Build | Monastery |
| 24:30 | Build | Town Center |
| 24:46 | Create | Monk |
| 24:46 | Create | Monk |
| 24:52 | Build | House |
| 24:58 | Build | House |
| 25:08 | Create | Monk |
| 25:13 | Create | Villager (Male) |
| 25:34 | Create | Villager (Male) |
| 25:34 | Create | Villager (Male) |
| 25:34 | Create | Villager (Male) |
| 26:23 | Build | Castle |
| 26:51 | Create | Villager (Male) |
| 26:51 | Create | Villager (Male) |
| 26:52 | Create | Villager (Male) |
| 27:01 | Build | House |
| 27:02 | Build | House |
| 28:00 | Build | Siege Workshop |
| 28:28 | Create | Villager (Male) |
| 28:29 | Create | Villager (Male) |
| 28:36 | Create | Mangonel |
| 28:41 | Create | Monk |
| 29:21 | Create | Villager (Male) |
| 29:21 | Create | Villager (Male) |
| 29:50 | Build | Watch Tower |
| 30:53 | Create | Mangonel |
| 30:57 | Create | Villager (Male) |
| 31:25 | Create | Villager (Male) |
| 33:28 | Build | Stone Wall |
| 33:49 | Build | Stone Wall |
| 33:49 | Build | Stone Wall |
| 33:49 | Build | Stone Wall |
| 33:50 | Build | Stone Wall |
| 33:50 | Build | Stone Wall |
| 33:50 | Build | Stone Wall |
| 33:50 | Build | Stone Wall |
| 33:52 | Build | Stone Wall |
| 33:52 | Build | Stone Wall |
| 33:52 | Build | Stone Wall |
| 33:52 | Build | Stone Wall |
Build order — Tono Mard
72 actions detected in the replay
| 0:07 | Build | House |
| 0:09 | Build | House |
| 0:14 | Create | Villager (Male) ×4 |
| 0:15 | Create | Villager (Male) ×4 |
| 2:10 | Create | Villager (Male) |
| 2:10 | Create | Villager (Male) |
| 3:08 | Build | Outpost |
| 3:20 | Create | Villager (Male) |
| 3:20 | Create | Villager (Male) |
| 3:20 | Create | Villager (Male) |
| 3:21 | Create | Villager (Male) |
| 5:11 | Build | Building 796 |
| 5:42 | Create | Villager (Male) |
| 5:42 | Create | Villager (Male) |
| 5:43 | Create | Villager (Male) |
| 5:43 | Create | Villager (Male) |
| 5:43 | Create | Villager (Male) |
| 5:44 | Create | Villager (Male) |
| 6:08 | Build | Mill |
| 6:11 | Build | House |
| 7:26 | Build | Lumber Camp |
| 8:12 | Create | Villager (Male) |
| 8:13 | Create | Villager (Male) |
| 8:18 | Build | House |
| 8:38 | Build | House |
| 9:15 | Build | House |
| 10:02 | Build | Palisade Wall |
| 10:37 | Build | Mill |
| 10:57 | Research | Feudal Age |
| 11:19 | Build | Barracks |
| 11:51 | Research | Loom |
| 13:04 | Build | Farm |
| 13:05 | Build | Farm |
| 13:08 | Build | Farm |
| 13:09 | Build | Farm |
| 13:10 | Build | Farm |
| 13:13 | Build | Farm |
| 13:13 | Build | Farm |
| 13:47 | Build | Watch Tower |
| 14:01 | Create | Villager (Male) |
| 14:01 | Create | Villager (Male) |
| 14:02 | Create | Villager (Male) |
| 14:02 | Create | Villager (Male) |
| 14:02 | Create | Villager (Male) |
| 14:31 | Build | Watch Tower |
| 14:48 | Build | Archery Range |
| 14:53 | Build | House |
| 15:22 | Build | Market |
| 15:32 | Build | House |
| 16:11 | Create | Villager (Male) |
| 16:11 | Create | Villager (Male) |
| 16:11 | Create | Villager (Male) |
| 16:12 | Create | Villager (Male) |
| 16:56 | Research | Double-Bit Axe |
| 17:30 | Build | Mining Camp |
| 18:02 | Build | Stone Wall |
| 18:46 | Build | Mining Camp |
| 18:56 | Build | Farm |
| 19:02 | Create | Villager (Male) |
| 19:02 | Create | Villager (Male) |
| 19:02 | Create | Villager (Male) |
| 19:02 | Create | Villager (Male) |
| 19:26 | Build | Watch Tower |
| 25:21 | Create | Villager (Male) |
| 25:22 | Create | Villager (Male) |
| 25:22 | Create | Villager (Male) |
| 25:22 | Create | Villager (Male) |
| 25:22 | Create | Villager (Male) |
| 30:17 | Create | Villager (Male) |
| 30:17 | Create | Villager (Male) |
| 30:17 | Create | Villager (Male) |
| 30:58 | Build | Market |
Build order — Black.Sanchez
First 150 of 270 actions detected
| 0:01 | Create | Villager (Male) |
| 0:01 | Create | Villager (Male) |
| 0:01 | Create | Villager (Male) |
| 0:02 | Create | Villager (Male) |
| 0:02 | Create | Villager (Male) |
| 0:04 | Build | House |
| 0:05 | Build | House |
| 1:25 | Create | Villager (Male) |
| 2:03 | Create | Villager (Male) |
| 2:03 | Create | Villager (Male) |
| 2:04 | Create | Villager (Male) |
| 2:40 | Build | House |
| 2:41 | Build | House |
| 3:00 | Create | Villager (Male) |
| 3:00 | Create | Villager (Male) |
| 3:01 | Create | Villager (Male) |
| 3:01 | Create | Villager (Male) |
| 3:01 | Create | Villager (Male) |
| 3:45 | Build | Mill |
| 4:04 | Create | Villager (Male) |
| 4:41 | Create | Villager (Male) |
| 4:41 | Create | Villager (Male) |
| 5:18 | Build | Lumber Camp |
| 5:20 | Create | Villager (Male) |
| 5:21 | Create | Villager (Male) |
| 5:29 | Create | Villager (Male) |
| 5:42 | Create | Villager (Male) |
| 5:42 | Create | Villager (Male) |
| 5:42 | Create | Villager (Male) |
| 6:30 | Build | House |
| 6:31 | Build | House |
| 6:36 | Build | Palisade Gate |
| 6:44 | Build | Palisade Wall |
| 6:50 | Create | Villager (Male) |
| 6:51 | Create | Villager (Male) |
| 7:19 | Build | Palisade Wall |
| 7:24 | Build | Palisade Wall |
| 8:01 | Research | Feudal Age |
| 8:57 | Build | Barracks |
| 10:05 | Build | Mill |
| 10:12 | Build | House |
| 10:15 | Build | House |
| 10:18 | Build | Palisade Wall |
| 10:45 | Create | Villager (Male) |
| 10:46 | Create | Villager (Male) |
| 11:00 | Age | Feudal Age |
| 11:03 | Build | Stable |
| 11:13 | Build | Blacksmith |
| 11:18 | Research | Loom |
| 11:20 | Create | Villager (Male) |
| 11:23 | Research | Double-Bit Axe |
| 11:23 | Research | Double-Bit Axe |
| 11:41 | Create | Scout Cavalry |
| 11:41 | Create | Scout Cavalry |
| 11:42 | Create | Scout Cavalry |
| 11:44 | Create | Villager (Male) |
| 11:49 | Research | Horse Collar |
| 12:01 | Create | Villager (Male) |
| 12:10 | Build | Farm |
| 12:14 | Build | Farm |
| 12:26 | Research | Scale Barding Armor |
| 12:44 | Build | Farm |
| 12:50 | Create | Scout Cavalry |
| 12:59 | Create | Villager (Male) |
| 12:59 | Create | Villager (Male) |
| 13:08 | Build | Farm |
| 13:10 | Build | Farm |
| 13:21 | Create | Villager (Male) |
| 13:40 | Build | Farm |
| 13:42 | Create | Villager (Male) |
| 13:52 | Create | Villager (Male) |
| 14:23 | Create | Villager (Male) |
| 14:27 | Build | Farm |
| 14:29 | Create | Villager (Male) |
| 14:30 | Create | Villager (Male) |
| 14:46 | Build | Farm |
| 14:48 | Build | Farm |
| 14:51 | Build | Farm |
| 14:53 | Build | Farm |
| 14:54 | Build | Farm |
| 14:56 | Build | Farm |
| 14:57 | Build | Farm |
| 15:16 | Create | Villager (Male) |
| 15:17 | Create | Scout Cavalry |
| 15:18 | Create | Scout Cavalry |
| 15:18 | Create | Scout Cavalry |
| 15:39 | Build | House |
| 15:42 | Build | House |
| 15:44 | Build | Palisade Gate |
| 15:48 | Build | Palisade Wall |
| 16:05 | Create | Villager (Male) |
| 16:38 | Create | Villager (Male) |
| 16:46 | Build | Mining Camp |
| 16:48 | Create | Villager (Male) |
| 16:53 | Create | Villager (Male) |
| 17:12 | Build | Mining Camp |
| 17:14 | Create | Villager (Male) |
| 17:35 | Research | Gold Mining |
| 18:22 | Create | Villager (Male) |
| 18:22 | Create | Villager (Male) |
| 18:40 | Build | House |
| 18:41 | Build | House |
| 18:43 | Build | House |
| 18:45 | Build | Palisade Gate |
| 19:14 | Research | Castle Age |
| 19:23 | Build | Stable |
| 19:36 | Research | Stone Mining |
| 20:13 | Research | Bloodlines |
| 20:56 | Create | Scout Cavalry |
| 20:56 | Create | Scout Cavalry |
| 20:56 | Create | Scout Cavalry |
| 21:10 | Build | Mining Camp |
| 21:28 | Create | Scout Cavalry |
| 21:47 | Create | Villager (Male) |
| 21:47 | Create | Villager (Male) |
| 21:50 | Create | Villager (Male) |
| 22:01 | Age | Castle Age |
| 22:03 | Build | Town Center |
| 22:17 | Create | Knight ×3 |
| 22:24 | Build | Town Center |
| 22:26 | Create | Villager (Male) |
| 22:58 | Build | Stable |
| 22:59 | Create | Villager (Male) |
| 23:10 | Research | Light Cavalry (upgrade) |
| 23:15 | Create | Villager (Male) |
| 23:16 | Create | Villager (Male) |
| 23:45 | Create | Villager (Male) |
| 24:01 | Build | Castle |
| 24:09 | Create | Villager (Male) |
| 24:09 | Create | Villager (Male) |
| 24:10 | Create | Villager (Male) |
| 24:10 | Create | Villager (Male) |
| 24:21 | Build | Mining Camp |
| 24:27 | Create | Villager (Male) |
| 24:28 | Create | Villager (Male) |
| 24:39 | Create | Villager (Male) |
| 24:41 | Create | Villager (Male) |
| 24:41 | Create | Villager (Male) |
| 24:52 | Build | Mining Camp |
| 25:05 | Create | Villager (Male) |
| 25:05 | Create | Villager (Male) |
| 25:06 | Create | Villager (Male) |
| 25:11 | Build | Farm |
| 25:16 | Build | Farm |
| 25:17 | Build | Farm |
| 25:17 | Build | Farm |
| 25:41 | Build | Farm |
| 25:43 | Create | Villager (Male) |
| 25:44 | Create | Villager (Male) |
| 25:44 | Create | Villager (Male) |
Build order — birri tilin
First 150 of 205 actions detected
| 0:00 | Create | Villager (Male) |
| 0:01 | Create | Villager (Male) |
| 0:03 | Build | House |
| 0:04 | Build | House |
| 0:14 | Create | Villager (Male) |
| 0:15 | Create | Villager (Male) |
| 1:25 | Create | Villager (Male) |
| 1:26 | Create | Villager (Male) |
| 1:51 | Create | Villager (Male) |
| 1:51 | Create | Villager (Male) |
| 2:41 | Create | Villager (Male) |
| 2:42 | Create | Villager (Male) |
| 3:13 | Create | Villager (Male) |
| 3:13 | Create | Villager (Male) |
| 3:32 | Create | Villager (Male) |
| 3:32 | Create | Villager (Male) |
| 3:40 | Build | House |
| 4:01 | Create | Villager (Male) |
| 4:31 | Create | Villager (Male) |
| 4:59 | Create | Villager (Male) |
| 5:02 | Build | Lumber Camp |
| 5:14 | Build | Mill |
| 5:36 | Create | Villager (Male) |
| 5:37 | Research | Loom |
| 5:37 | Research | Loom |
| 5:37 | Research | Loom |
| 6:31 | Create | Villager (Male) |
| 6:49 | Build | Farm |
| 6:49 | Build | Farm |
| 6:59 | Create | Villager (Male) |
| 7:27 | Create | Villager (Male) |
| 7:38 | Research | Feudal Age |
| 7:38 | Research | Feudal Age |
| 7:38 | Research | Feudal Age |
| 7:38 | Research | Feudal Age |
| 8:13 | Build | Mill |
| 8:58 | Create | Villager (Male) |
| 8:59 | Create | Villager (Male) |
| 9:17 | Build | House |
| 9:37 | Build | Barracks |
| 9:45 | Create | Villager (Male) |
| 10:11 | Research | Double-Bit Axe |
| 10:11 | Research | Double-Bit Axe |
| 10:12 | Research | Double-Bit Axe |
| 10:12 | Research | Double-Bit Axe |
| 10:31 | Build | Stable |
| 10:38 | Build | Palisade Wall |
| 10:49 | Build | Farm |
| 10:51 | Create | Villager (Male) |
| 10:59 | Build | Farm |
| 11:14 | Build | House |
| 11:15 | Build | House |
| 11:22 | Create | Scout Cavalry |
| 11:24 | Create | Scout Cavalry |
| 11:35 | Build | Farm |
| 11:56 | Create | Villager (Male) |
| 11:56 | Create | Villager (Male) |
| 11:59 | Build | Farm |
| 12:11 | Build | Farm |
| 12:15 | Create | Scout Cavalry |
| 12:24 | Build | House |
| 12:36 | Build | Building 796 |
| 12:43 | Create | Villager (Male) |
| 12:45 | Build | Farm |
| 13:31 | Create | Villager (Male) |
| 13:32 | Build | Farm |
| 13:33 | Research | Horse Collar |
| 13:34 | Research | Horse Collar |
| 13:34 | Research | Horse Collar |
| 13:34 | Research | Horse Collar |
| 13:49 | Create | Scout Cavalry |
| 13:53 | Build | Farm |
| 13:53 | Build | Farm |
| 13:59 | Build | Farm |
| 14:32 | Create | Villager (Male) |
| 14:39 | Build | Market |
| 14:55 | Build | House |
| 14:58 | Build | Palisade Wall |
| 15:08 | Create | Scout Cavalry |
| 15:15 | Create | Scout Cavalry |
| 15:16 | Create | Spearman |
| 15:31 | Create | Villager (Male) |
| 15:32 | Create | Villager (Male) |
| 15:37 | Build | Farm |
| 15:37 | Build | Farm |
| 15:38 | Build | Farm |
| 16:11 | Create | Scout Cavalry |
| 16:13 | Create | Villager (Male) |
| 16:15 | Build | Farm |
| 16:43 | Create | Spearman |
| 16:43 | Create | Spearman |
| 16:53 | Build | Mining Camp |
| 16:55 | Create | Villager (Male) |
| 16:55 | Create | Villager (Male) |
| 17:55 | Research | Castle Age |
| 17:56 | Research | Castle Age |
| 18:16 | Build | House |
| 18:19 | Build | Palisade Wall |
| 18:23 | Create | Villager (Male) |
| 18:28 | Build | Palisade Wall |
| 18:33 | Build | Palisade Wall |
| 18:47 | Create | Spearman |
| 18:48 | Create | Spearman |
| 19:16 | Research | Man-at-Arms (upgrade) |
| 19:43 | Build | House |
| 19:44 | Build | House |
| 20:55 | Build | Blacksmith |
| 21:08 | Create | Villager (Male) |
| 21:08 | Create | Villager (Male) |
| 21:25 | Build | Town Center |
| 21:42 | Build | Farm |
| 21:42 | Build | Farm |
| 21:43 | Build | Farm |
| 21:44 | Build | Farm |
| 21:49 | Create | Villager (Male) |
| 21:57 | Research | Forging |
| 22:01 | Create | Militia |
| 22:01 | Create | Militia |
| 22:07 | Research | Scale Mail Armor |
| 22:12 | Create | Spearman |
| 22:51 | Create | Villager (Male) |
| 22:51 | Create | Villager (Male) |
| 22:52 | Create | Villager (Male) |
| 22:55 | Create | Villager (Male) |
| 23:20 | Build | Siege Workshop |
| 23:31 | Build | Castle |
| 23:55 | Create | Villager (Male) |
| 23:56 | Create | Villager (Male) |
| 23:58 | Create | Villager (Male) |
| 23:59 | Create | Villager (Male) |
| 24:15 | Create | Battering Ram |
| 24:15 | Create | Battering Ram |
| 24:15 | Create | Battering Ram |
| 24:36 | Create | Villager (Male) |
| 24:38 | Create | Villager (Male) |
| 24:44 | Build | Farm |
| 24:44 | Build | Farm |
| 24:48 | Create | Battering Ram |
| 24:48 | Create | Battering Ram |
| 25:22 | Create | Woad Raider |
| 25:22 | Create | Woad Raider |
| 25:22 | Create | Woad Raider |
| 25:25 | Create | Battering Ram |
| 25:37 | Research | Wheelbarrow |
| 25:38 | Research | Wheelbarrow |
| 25:38 | Research | Wheelbarrow |
| 25:38 | Research | Wheelbarrow |
| 25:52 | Build | Mining Camp |
| 25:57 | Create | Villager (Male) |
| 25:58 | Create | Villager (Male) |
Match timeline
| 6:44 | Black.Sanchez · wall_segment Palisade Wall x10 |
| 7:19 | Black.Sanchez · wall_segment Palisade Wall x8 |
| 7:24 | Black.Sanchez · wall_segment Palisade Wall x9 |
| 7:28 | All Conquistadors Are BSTRD · first_building Barracks |
| 8:07 | zhengyifan2003 · first_building Barracks |
| 8:17 | All Conquistadors Are BSTRD · wall_segment Palisade Wall x1 |
| 8:18 | All Conquistadors Are BSTRD · wall_segment Palisade Wall x1 |
| 8:53 | Skill noob9216 · wall_segment Palisade Wall x1 |
| 8:54 | 別當開心農場 · age_up feudal |
| 8:55 | Skill noob9216 · wall_segment Palisade Wall x4 |
| 8:56 | Omicron · wall_segment Palisade Wall x3 |
| 8:56 | Skill noob9216 · wall_segment Palisade Wall x1 |
| 8:57 | Black.Sanchez · first_building Barracks |
| 8:58 | Skill noob9216 · wall_segment Palisade Wall x3 |
| 8:58 | All Conquistadors Are BSTRD · age_up feudal |
| 9:00 | Omicron · wall_segment Palisade Wall x3 |
| 9:03 | Omicron · wall_segment Palisade Wall x4 |
| 9:09 | All Conquistadors Are BSTRD · first_building Stable |
| 9:26 | zhengyifan2003 · age_up feudal |
| 9:29 | zhengyifan2003 · first_building Stable |
| 9:37 | birri tilin · first_building Barracks |
| 10:02 | Tono Mard · wall_segment Palisade Wall x8 |
| 10:18 | Black.Sanchez · wall_segment Palisade Wall x1 |
| 10:19 | All Conquistadors Are BSTRD · wall_segment Palisade Wall x7 |
| 10:20 | All Conquistadors Are BSTRD · wall_segment Palisade Wall x1 |
| 10:21 | All Conquistadors Are BSTRD · wall_segment Palisade Wall x1 |
| 10:23 | Omicron · age_up feudal |
| 10:31 | birri tilin · first_building Stable |
| 10:36 | Omicron · wall_segment Palisade Wall x1 |
| 10:38 | birri tilin · wall_segment Palisade Wall x1 |
| 10:41 | 別當開心農場 · first_building Barracks |
| 10:42 | Omicron · first_building Barracks |
| 10:49 | Skill noob9216 · first_building Barracks |
| 11:00 | Black.Sanchez · age_up feudal |
| 11:03 | Black.Sanchez · first_building Stable |
| 11:19 | Tono Mard · first_building Barracks |
| 11:59 | Skill noob9216 · first_building Archery Range |
| 12:01 | Omicron · wall_segment Palisade Wall x1 |
| 12:03 | Omicron · wall_segment Palisade Wall x1 |
| 12:04 | Omicron · wall_segment Palisade Wall x1 |
| 14:48 | Tono Mard · first_building Archery Range |
| 14:58 | birri tilin · wall_segment Palisade Wall x3 |
| 15:05 | Omicron · wall_segment Palisade Wall x1 |
| 15:48 | Black.Sanchez · wall_segment Palisade Wall x5 |
| 16:13 | Skill noob9216 · first_market_sell 100 stone |
| 16:15 | Omicron · wall_segment Palisade Wall x1 |
| 16:16 | Omicron · wall_segment Palisade Wall x1 |
| 16:25 | Omicron · wall_segment Palisade Wall x1 |
| 16:29 | 別當開心農場 · first_market_sell 100 stone |
| 16:32 | 別當開心農場 · first_market_buy 100 food |
| 17:00 | Skill noob9216 · first_market_buy 100 food |
| 17:21 | birri tilin · first_market_sell 100 wood |
| 17:25 | birri tilin · first_market_buy 100 food |
| 17:27 | Omicron · wall_segment Palisade Wall x1 |
| 17:35 | zhengyifan2003 · first_market_sell 100 wood |
| 18:00 | All Conquistadors Are BSTRD · first_market_sell 100 food |
| 18:02 | Tono Mard · wall_segment Stone Wall x1 |
| 18:11 | 別當開心農場 · first_building Stable |
| 18:19 | birri tilin · wall_segment Palisade Wall x2 |
| 18:28 | birri tilin · wall_segment Palisade Wall x11 |
| 18:33 | birri tilin · wall_segment Palisade Wall x5 |
| 18:33 | Skill noob9216 · wall_segment Palisade Wall x1 |
| 19:25 | Omicron · wall_segment Palisade Wall x15 |
| 20:15 | 別當開心農場 · age_up castle |
| 20:34 | zhengyifan2003 · age_up castle |
| 20:35 | zhengyifan2003 · first_building Castle |
| 20:40 | 別當開心農場 · first_building Castle |
| 20:46 | All Conquistadors Are BSTRD · age_up castle |
| 20:58 | Skill noob9216 · first_building Castle |
| 21:12 | Tono Mard · tribute_sent a jugador 1 |
| 21:12 | Tono Mard · tribute_sent a jugador 2 |
| 21:12 | Tono Mard · tribute_sent a jugador 3 |
| 21:12 | Tono Mard · tribute_sent a jugador 4 |
| 21:12 | Tono Mard · tribute_sent a jugador 5 |
| 21:12 | Tono Mard · tribute_sent a jugador 7 |
| 21:12 | Tono Mard · tribute_sent a jugador 8 |
| 21:54 | All Conquistadors Are BSTRD · first_market_buy 100 stone |
| 21:58 | Omicron · first_market_sell 100 stone |
| 22:01 | Black.Sanchez · age_up castle |
| 22:59 | Omicron · wall_segment Palisade Wall x30 |
| 23:14 | Tono Mard · tribute_sent a jugador 1 |
| 23:14 | Tono Mard · tribute_sent a jugador 2 |
| 23:14 | Tono Mard · tribute_sent a jugador 3 |
| 23:14 | Tono Mard · tribute_sent a jugador 4 |
| 23:14 | Tono Mard · tribute_sent a jugador 5 |
| 23:14 | Tono Mard · tribute_sent a jugador 7 |
| 23:14 | Tono Mard · tribute_sent a jugador 8 |
| 23:20 | birri tilin · first_building Siege Workshop |
| 23:31 | birri tilin · first_building Castle |
| 24:01 | Black.Sanchez · first_building Castle |
| 24:15 | All Conquistadors Are BSTRD · first_building Monastery |
| 24:42 | Omicron · age_up castle |
| 25:05 | Omicron · first_building Castle |
| 25:38 | Omicron · first_market_buy 100 wood |
| 26:13 | Omicron · wall_segment Palisade Wall x10 |
| 26:23 | All Conquistadors Are BSTRD · first_building Castle |
| 28:00 | All Conquistadors Are BSTRD · first_building Siege Workshop |
| 28:33 | Omicron · wall_segment Palisade Wall x8 |
| 29:59 | Black.Sanchez · wall_segment Stone Wall x1 |
| 31:54 | Tono Mard · resign |
| 32:04 | 別當開心農場 · age_up imperial |
| 32:15 | Omicron · wall_segment Palisade Wall x1 |
| 33:08 | zhengyifan2003 · age_up imperial |
| 33:28 | All Conquistadors Are BSTRD · wall_segment Stone Wall x5 |
| 33:49 | All Conquistadors Are BSTRD · wall_segment Stone Wall x2 |
| 33:49 | All Conquistadors Are BSTRD · wall_segment Stone Wall x1 |
| 33:49 | All Conquistadors Are BSTRD · wall_segment Stone Wall x1 |
| 33:50 | All Conquistadors Are BSTRD · wall_segment Stone Wall x2 |
| 33:50 | All Conquistadors Are BSTRD · wall_segment Stone Wall x2 |
| 33:50 | All Conquistadors Are BSTRD · wall_segment Stone Wall x2 |
| 33:50 | All Conquistadors Are BSTRD · wall_segment Stone Wall x1 |
| 33:52 | All Conquistadors Are BSTRD · wall_segment Stone Wall x1 |
| 33:52 | All Conquistadors Are BSTRD · wall_segment Stone Wall x3 |
| 33:52 | All Conquistadors Are BSTRD · wall_segment Stone Wall x1 |
| 33:52 | All Conquistadors Are BSTRD · wall_segment Stone Wall x2 |
| 33:53 | All Conquistadors Are BSTRD · wall_segment Stone Wall x1 |
| 33:53 | All Conquistadors Are BSTRD · wall_segment Stone Wall x1 |
| 33:53 | All Conquistadors Are BSTRD · wall_segment Stone Wall x2 |
| 33:53 | All Conquistadors Are BSTRD · wall_segment Stone Wall x1 |
| 33:54 | All Conquistadors Are BSTRD · wall_segment Stone Wall x1 |
| 33:54 | All Conquistadors Are BSTRD · wall_segment Stone Wall x2 |
| 33:54 | All Conquistadors Are BSTRD · wall_segment Stone Wall x2 |
| 33:55 | All Conquistadors Are BSTRD · wall_segment Stone Wall x2 |
| 33:55 | All Conquistadors Are BSTRD · wall_segment Stone Wall x2 |
| 33:55 | All Conquistadors Are BSTRD · wall_segment Stone Wall x1 |
| 35:02 | All Conquistadors Are BSTRD · wall_segment Stone Wall x1 |
| 35:04 | All Conquistadors Are BSTRD · wall_segment Stone Wall x1 |
| 35:04 | All Conquistadors Are BSTRD · wall_segment Stone Wall x1 |
| 35:06 | All Conquistadors Are BSTRD · wall_segment Stone Wall x1 |
| 35:06 | All Conquistadors Are BSTRD · wall_segment Stone Wall x1 |
| 35:06 | All Conquistadors Are BSTRD · wall_segment Stone Wall x2 |
| 35:06 | All Conquistadors Are BSTRD · wall_segment Stone Wall x2 |
| 35:07 | All Conquistadors Are BSTRD · wall_segment Stone Wall x1 |
| 35:07 | All Conquistadors Are BSTRD · wall_segment Stone Wall x1 |
| 35:07 | All Conquistadors Are BSTRD · wall_segment Stone Wall x2 |
| 35:07 | All Conquistadors Are BSTRD · wall_segment Stone Wall x2 |
| 35:09 | All Conquistadors Are BSTRD · wall_segment Stone Wall x1 |
| 35:42 | Black.Sanchez · wall_segment Stone Wall x1 |
| 36:31 | Black.Sanchez · age_up imperial |
| 36:47 | All Conquistadors Are BSTRD · wall_segment Stone Wall x2 |
| 36:48 | All Conquistadors Are BSTRD · wall_segment Stone Wall x2 |
| 36:48 | All Conquistadors Are BSTRD · wall_segment Stone Wall x1 |
| 36:49 | All Conquistadors Are BSTRD · wall_segment Stone Wall x1 |
| 36:49 | All Conquistadors Are BSTRD · wall_segment Stone Wall x2 |
| 36:50 | All Conquistadors Are BSTRD · wall_segment Stone Wall x2 |
| 36:50 | All Conquistadors Are BSTRD · wall_segment Stone Wall x1 |
| 36:50 | All Conquistadors Are BSTRD · wall_segment Stone Wall x1 |
| 36:50 | All Conquistadors Are BSTRD · wall_segment Stone Wall x1 |
| 36:51 | All Conquistadors Are BSTRD · wall_segment Stone Wall x3 |
| 36:51 | All Conquistadors Are BSTRD · wall_segment Stone Wall x1 |
| 36:51 | All Conquistadors Are BSTRD · wall_segment Stone Wall x2 |
| 36:52 | All Conquistadors Are BSTRD · wall_segment Stone Wall x1 |
| 36:52 | All Conquistadors Are BSTRD · wall_segment Stone Wall x1 |
| 36:53 | All Conquistadors Are BSTRD · wall_segment Stone Wall x2 |
| 36:53 | All Conquistadors Are BSTRD · wall_segment Stone Wall x1 |
| 36:53 | All Conquistadors Are BSTRD · wall_segment Stone Wall x1 |
| 36:53 | All Conquistadors Are BSTRD · wall_segment Stone Wall x2 |
| 36:54 | All Conquistadors Are BSTRD · wall_segment Stone Wall x1 |
| 36:54 | All Conquistadors Are BSTRD · wall_segment Stone Wall x2 |
| 36:54 | All Conquistadors Are BSTRD · wall_segment Stone Wall x2 |
| 36:54 | All Conquistadors Are BSTRD · wall_segment Stone Wall x1 |
| 36:55 | All Conquistadors Are BSTRD · wall_segment Stone Wall x1 |
| 36:55 | All Conquistadors Are BSTRD · wall_segment Stone Wall x1 |
| 36:55 | All Conquistadors Are BSTRD · wall_segment Stone Wall x1 |
| 36:55 | All Conquistadors Are BSTRD · wall_segment Stone Wall x1 |
| 36:56 | All Conquistadors Are BSTRD · wall_segment Stone Wall x2 |
| 36:56 | All Conquistadors Are BSTRD · wall_segment Stone Wall x2 |
| 36:56 | All Conquistadors Are BSTRD · wall_segment Stone Wall x1 |
| 36:56 | All Conquistadors Are BSTRD · wall_segment Stone Wall x2 |
| 36:57 | All Conquistadors Are BSTRD · wall_segment Stone Wall x1 |
| 36:57 | All Conquistadors Are BSTRD · wall_segment Stone Wall x2 |
| 36:57 | All Conquistadors Are BSTRD · wall_segment Stone Wall x2 |
| 36:58 | All Conquistadors Are BSTRD · wall_segment Stone Wall x1 |
| 36:58 | All Conquistadors Are BSTRD · wall_segment Stone Wall x1 |
| 36:58 | All Conquistadors Are BSTRD · wall_segment Stone Wall x1 |
| 36:58 | All Conquistadors Are BSTRD · wall_segment Stone Wall x1 |
| 36:59 | All Conquistadors Are BSTRD · wall_segment Stone Wall x1 |
| 36:59 | All Conquistadors Are BSTRD · wall_segment Stone Wall x2 |
| 36:59 | All Conquistadors Are BSTRD · wall_segment Stone Wall x1 |
| 36:59 | All Conquistadors Are BSTRD · wall_segment Stone Wall x1 |
| 37:00 | All Conquistadors Are BSTRD · wall_segment Stone Wall x1 |
| 37:00 | All Conquistadors Are BSTRD · wall_segment Stone Wall x1 |
| 37:00 | All Conquistadors Are BSTRD · wall_segment Stone Wall x1 |
| 37:01 | All Conquistadors Are BSTRD · wall_segment Stone Wall x2 |
| 37:01 | All Conquistadors Are BSTRD · wall_segment Stone Wall x1 |
| 37:01 | All Conquistadors Are BSTRD · wall_segment Stone Wall x2 |
| 37:01 | All Conquistadors Are BSTRD · wall_segment Stone Wall x1 |
| 37:02 | All Conquistadors Are BSTRD · wall_segment Stone Wall x1 |
| 37:02 | All Conquistadors Are BSTRD · wall_segment Stone Wall x2 |
| 37:02 | All Conquistadors Are BSTRD · wall_segment Stone Wall x2 |
| 37:02 | All Conquistadors Are BSTRD · wall_segment Stone Wall x1 |
| 37:02 | All Conquistadors Are BSTRD · wall_segment Stone Wall x2 |
| 37:03 | All Conquistadors Are BSTRD · wall_segment Stone Wall x1 |
| 37:03 | All Conquistadors Are BSTRD · wall_segment Stone Wall x1 |
| 37:03 | All Conquistadors Are BSTRD · wall_segment Stone Wall x2 |
| 37:04 | All Conquistadors Are BSTRD · wall_segment Stone Wall x2 |
| 37:04 | Omicron · first_building Archery Range |
| 37:04 | All Conquistadors Are BSTRD · wall_segment Stone Wall x3 |
| 37:05 | All Conquistadors Are BSTRD · wall_segment Stone Wall x1 |
| 37:05 | All Conquistadors Are BSTRD · wall_segment Stone Wall x1 |
| 37:05 | All Conquistadors Are BSTRD · wall_segment Stone Wall x1 |
| 37:05 | All Conquistadors Are BSTRD · wall_segment Stone Wall x1 |
| 37:06 | All Conquistadors Are BSTRD · wall_segment Stone Wall x1 |
| 37:07 | All Conquistadors Are BSTRD · wall_segment Stone Wall x2 |
| 37:07 | All Conquistadors Are BSTRD · wall_segment Stone Wall x1 |
| 37:07 | All Conquistadors Are BSTRD · wall_segment Stone Wall x1 |
| 37:07 | All Conquistadors Are BSTRD · wall_segment Stone Wall x2 |
| 37:08 | All Conquistadors Are BSTRD · wall_segment Stone Wall x2 |
| 37:08 | All Conquistadors Are BSTRD · wall_segment Stone Wall x1 |
| 37:08 | All Conquistadors Are BSTRD · wall_segment Stone Wall x1 |
| 37:09 | All Conquistadors Are BSTRD · wall_segment Stone Wall x2 |
| 37:09 | All Conquistadors Are BSTRD · wall_segment Stone Wall x1 |
| 37:09 | All Conquistadors Are BSTRD · wall_segment Stone Wall x1 |
[ AI ANALYSIS · 1 CREDIT ]
What really happened in this match?
Wolo.gg analyzes every decision: build order, eco, micro, common mistakes by bracket. Personalized analysis on WhatsApp or Discord in 30 seconds.
Civ guide
Shu
Perfil
Jugador #23520198